cohdb
Replays
Latest Replays
All Replays
Popular Replays
Top Player Replays
Match Explorer
How It Works
Community
CoH3 Stats
Reddit
Sign in to upload your games and track your stats! →
Sign in with Steam
Match 42387471
Unlisted
Match 42387471
Overview
Messages
Build Orders
End
Construct Infanterie Kompanie
Selects Terror Battlegroup
Selects Machine Gun Camouflage
Grenadier Squad
MG 42 Machine Gun Team
GrW 34 Mortar Team
Medical Station
Construct Panzergrenadier Kompanie
Selects Contempt for the Weak
Panzergrenadier Squad
Pak 40 Anti-tank Gun Team
Panzergrenadier Squad
Panzergrenadier Squad
Construct Panzer Kompanie
Selects Jericho Trumpet
Stoßtruppen Squad
Panzer IV Medium Tank
Selects V1 Rocket Strike
V1 Rocket Strike
Hamik 👍
sepi
QuickshotCoyote
Waszaj
Dawes
旅法师
美国队长德里克肖万
Whitent
0
0
Comments
sign in to comment!
No comments posted yet!